 Dungeon Crawl Stone Soup version 0.30-a0-777-ga9a30cbeda (webtiles) character file.

Game seed: 9727701654390270188

110 Heoruswealwe the Caller (level 4, 0/24 HPs)
             Began as a Deep Elf Summoner on Feb 14, 2023.
             Killed from afar by Sigmund (1 damage)
             ... with a puff of flame
             ... on level 3 of the Dungeon.
             The game lasted 00:41:19 (2425 turns).

Heoruswealwe the Caller (Deep Elf Summoner)         Turns: 2425, Time: 00:41:20

Health: 0/24       AC:  3    Str:  5    XL:     4   Next: 61%
Magic:  6/11       EV: 12    Int: 22    God:
Gold:   93         SH:  0    Dex: 15    Spells: 5/9 levels left

rFire   . . .      SeeInvis .    y - +0 long sword
rCold   + . .      Faith    .    (no shield)
rNeg    . . .      Spirit   .    x - +0 robe
rPois   .          Reflect  .    (no helmet)
rElec   .          Harm     .    G - +0 cloak
rCorr   .          Rampage  .    (no gloves)
Will    .....                    (no boots)
Stlth   ++                       (no amulet)
HPRegen 0.24/turn                p - ring of protection from cold
MPRegen 0.12/turn                (no ring)

@: no status effects
A: no striking features
a: no special abilities


You were on level 3 of the Dungeon.
You visited 1 branch of the dungeon, and saw 3 of its levels.

You collected 93 gold pieces.

Inventory:

Hand Weapons
 d - a +0 hand axe
 e - a +0 whip
 h - a +0 dagger
 i - a +0 club
 j - a +1 short sword
 k - a +0 mace
 q - a +0 club
 s - a +0 whip
 t - a +0 short sword
 v - a +0 dagger
 y - a +0 long sword (weapon)
 C - a +0 short sword
 E - a +0 whip
 H - a +0 flail
 I - a +2 heavy flail
Missiles
 g - 26 stones
Armour
 a - a +0 robe
 c - a +2 ring mail of willpower
 f - a +0 leather armour
 r - a +0 scale mail
 u - the +1 chain mail "Bugruunt" {-Tele rPois Dex+6}
   (You found it on level 3 of the Dungeon)

   Dex:       It affects your dexterity (+6).
   rPois:     It protects you from poison.
   -Tele:     It prevents most forms of teleportation.
 x - a +0 robe (worn)
 B - a +4 chain mail
 D - a +0 scale mail
 G - a +0 cloak (worn)
 J - a +0 scale mail
Jewellery
 p - a ring of protection from cold (left hand)
Wands
 z - a wand of mindburst (8)
Scrolls
 m - a scroll of fear
 n - a scroll of enchant weapon
 o - 2 scrolls of poison
 w - a scroll of immolation
 A - a scroll of amnesia
 F - 3 scrolls of vulnerability
Potions
 b - a potion of magic
 l - a potion of attraction


   Skills:
 + Level 0.4 Fighting
 + Level 0.5 Long Blades
 + Level 2.6 Dodging
 + Level 2.6 Stealth
 * Level 3.4 Spellcasting
 + Level 0.4 Conjurations
 + Level 1.3 Hexes
 * Level 4.6 Summonings
 + Level 0.9 Necromancy
 + Level 0.4 Translocations
 + Level 0.8 Transmutations
 + Level 0.7 Fire Magic
 + Level 0.5 Ice Magic
 + Level 0.6 Air Magic
 + Level 0.8 Earth Magic
 + Level 1.0 Poison Magic
 + Level 0.8 Invocations
 + Level 0.4 Evocations


You had 5 spell levels left.
You knew the following spells:

 Your Spells              Type           Power      Damage    Failure   Level
a - Summon Small Mammal   Summ           96%        N/A       1%          1
b - Call Canine Familiar  Summ           24%        N/A       5%          3

Your spell library contained the following spells:

 Spells                   Type           Power      Damage    Failure   Level
 Call Imp                 Summ           24%        N/A       2%          2
 Sting                    Tmut/Pois      28%        1d4       9%          1
 Summon Guardian Golem    Hex/Summ       17%        N/A       11%         3
 Poisonous Vapours        Pois/Air       14%        N/A       13%         2
 Animate Armour           Summ/Erth      30%        N/A       36%         4
 Summon Lightning Spire   Summ/Air       15%        N/A       36%         4
 Olgreb's Toxic Radiance  Pois           8%         N/A       61%         4
 Lee's Rapid Deconstruct  Erth           3%         3d5*      93%         5
 Freezing Cloud           Conj/Ice/Air   3%         6-21      95%         5
 Orb of Destruction       Conj           2%         9d5       100%        7
 Lehudib's Crystal Spear  Conj/Erth      3%         10d2      100%        8


Dungeon Overview and Level Annotations

Branches:
Dungeon (3/15)

Altars:
Ru

Annotations:
D:3 Sigmund


Message History

Your hound's corpse disappears in a puff of smoke!
Sigmund shouts!
Casting: Call Canine Familiar (quite dangerous; 5% risk of failure)
Confirm with . or Enter, or press ? or * to list all spells.
The spell is quite dangerous to miscast (5% risk of failure)!
Continue anyway?
You miscast Call Canine Familiar.
You are very lightly contaminated with residual magic.
Nothing appears to happen.
Unknown command.
Sigmund is nearby!
Casting: Call Canine Familiar (quite dangerous; 5% risk of failure)
Confirm with . or Enter, or press ? or * to list all spells.
The spell is quite dangerous to miscast (5% risk of failure)!
Continue anyway?
Sigmund casts a spell at you. The puff of flame hits you!
* * * LOW HITPOINT WARNING * * *
Sigmund attacks as you move away! Sigmund misses you.
Sigmund hits you but does no damage.
Okay, then.
Your hound barely misses Sigmund.
Sigmund barely misses you.
Your hound closely misses Sigmund.
Your hound closely misses Sigmund.
Sigmund barely misses you.
Your hound closely misses Sigmund.
You hit Sigmund.
Sigmund is severely wounded.
Your hound pauses to sniff the ground.
Your hound bites Sigmund but does no damage.
Sigmund gestures wildly while chanting.
Sigmund flickers and vanishes!
Deactivating autopickup; reactivate with Ctrl-A.
Your hound closely misses something.
You miss something.
Your hound bites something.
Something hits you.
* * * LOW HITPOINT WARNING * * *
Your hound barely misses something.
Your magical contamination has completely faded away.
You miss something.
Your hound barely misses something.
You hear some strange, mumbled words.
A puff of flame appears from out of thin air!
The puff of flame hits you.
You die...

#.####.#.#.#....#
####
#..........#.##.#
############.##'##
#######.......#...#
#..........####...+
#..........# #...#
#..........#########
#...................
#.....@.............
#....{h........†....
#....$..............
#######+###.........
##########


You could see a friendly hound (summoned).

Vanquished Creatures
  An endoplasm (D:3)
  2 giant cockroaches
  2 hobgoblins
  3 jackals
  2 ball pythons
  4 bats
  3 frilled lizards
  3 kobolds
  2 rats
22 creatures vanquished.

Vanquished Creatures (collateral kills)
  Terence (D:3)
  2 adders (D:2)
  2 worms
  A dart slug (D:1)
  An orc (D:3)
  4 ball pythons
  2 bats
  5 endoplasms
  2 giant cockroaches
  A goblin (D:2)
  2 hobgoblins
  4 jackals (D:2)
  3 kobolds
  2 quokkas
  3 frilled lizards
  4 rats
39 creatures vanquished.

Grand Total: 61 creatures vanquished

Notes
Turn   | Place    | Note
-------+----------+-------------------------------------------
     0 | D:1      | Heoruswealwe the Deep Elf Summoner began the quest for the
                  | Orb.
     0 | D:1      | Reached XP level 1. HP: 10/10 MP: 6/6
   173 | D:1      | Reached XP level 2. HP: 10/15 MP: 8/8
   734 | D:1      | Learned a level 1 spell: Summon Small Mammal
   776 | D:2      | Found a sacrificial altar of Ru.
   853 | D:2      | Reached XP level 3. HP: 12/19 MP: 9/9
   903 | D:1      | Learned a level 3 spell: Call Canine Familiar
  1591 | D:1      | You fall into a shaft and drop 1 floor!
  1605 | D:1      | Identified a scroll of acquirement
  1605 | D:1      | Acquired the Grimoire of Terra Firma and the Missiles
  1731 | D:2      | Reached XP level 4. HP: 23/24 MP: 10/10
  2232 | D:3      | Identified the +1 chain mail "Bugruunt" {-Tele rPois Dex+6}
  2283 | D:3      | Reached skill level 1 in Hexes
  2345 | D:3      | Noticed Terence
  2352 | D:3      | Killed Terence
  2353 | D:3      | Reached skill level 1 in Poison Magic
  2403 | D:3      | Noticed Sigmund
  2424 | D:3      | HP: 1/24 [something (6)]
  2425 | D:3      | Killed from afar by Sigmund

Illustrated notes

Levels and vault maps discovered:
D:1:      dpeg_arrival_snail, layout_rooms
D:2:      layout_loops_corners, basic_altar
D:3:      layout_basic, chequers_serial_rivers_room_b, uniq_crazy_yiuf_cottage,
          uniq_jessica, uniq_grinder, uniq_robin, uniq_terence, uniq_sigmund

Skill      XL: |  1  2  3  4 |
---------------+-------------+-----
Hexes          | 1 |  1.3
Poison Magic   | 1 |  1.0
Fighting       | |  0.4
Long Blades    | |  0.5
Dodging        | |  2.6
Stealth        | |  2.6
Spellcasting   | |  3.4
Conjurations   | |  0.4
Summonings     | |  4.6
Necromancy     | |  0.9
Translocations | |  0.4
Transmutations | |  0.8
Fire Magic     | |  0.7
Ice Magic      | |  0.5
Air Magic      | |  0.6
Earth Magic    | |  0.8
Invocations    | |  0.8
Evocations     | |  0.4

Action                     |  1- 3 |  4- 6 || total
---------------------------+-------+-------++-------
  Melee: Hand axe          |    19 |       ||    19
         Punch             |     1 |       ||     1
         Short sword       |    54 |       ||    54
         Long sword        |       |    10 ||    10
   Cast: Summon Small Mamm |    17 |       ||    17
         Call Canine Famil |     4 |     6 ||    10
    Use: Scroll            |    11 |     1 ||    12
         Potion            |     2 |     1 ||     3
   Stab: Sleeping          |     3 |       ||     3
         Distracted        |     1 |       ||     1
 Armour: Robe              |    27 |     3 ||    30
  Dodge: Dodged            |    53 |     9 ||    62

Table legend: (Time is in decaauts)
 A = Elapsed time spent in this place.
 B = Non-inter-level travel time spent in this place.
 C = Inter-level travel time spent in this place.
 D = Time resting spent in this place.
 E = Time spent auto-exploring this place.
 F = Levels seen in this place.
 G = Mean time per level.
                   A        B        C        D        E       F      G
               +--------+--------+--------+--------+--------+-----+--------+
         Total |   2433 |   2250 |    183 |     70 |      1 |   3 |  811.0 |
       Dungeon |   2433 |   2250 |    183 |     70 |      1 |   3 |  811.0 |
               +--------+--------+--------+--------+--------+-----+--------+

Top non-repeatable levels by time:
     D:2: 1313 daAuts
     D:1: 917 daAuts
     D:3: 203 daAuts
